Map: Blackpink LE

Players

PandaBearMe

  • Race: Zerg Zerg
  • Spawn Location: 1:00

SpeCial - Winner!

  • Race: Terran Terran
  • Spawn Location: 7:00

Event: IEM Season 12 - PyeongChang

VOD

Have the link to the VOD?

Description

Time

  • Played on: Feb. 4, 2018, 9:34 p.m.
  • Length: 11:47

All games in this series

Show
View Real Time Build Order
Export as new Build Order

PandaBearMe Zerg 

Build Orders: Hatch First 

Get SALT Encoding   

  12  0:01  Drone  
  13  0:13  Overlord  
  13  0:17  Drone  
  14  0:31  Drone x2  
  16  0:48  Hatchery  
  15  0:51  Drone  
  15  0:55  Drone  
  17  0:59  Drone  
  17  1:03  Extractor  
  17  1:15  Spawning Pool  
  16  1:19  Drone  
  16  1:22  Drone  
  18  1:28  Drone  
  19  1:44  Drone  
  20  1:49  Overlord  
  20  2:01  Queen x2  
  20  2:02  Metabolic Boost  
  20  2:06  Zergling x2  
  25  2:09  Zergling x2  
  25  2:14  Drone  
  25  2:15  Drone  
  28  2:21  Drone  
  29  2:23  Drone  
  30  2:41  Hatchery  
  29  2:46  Queen  
  29  2:50  Drone  
  32  2:51  Drone  
  32  2:56  Overlord  
  33  3:01  Drone  
  34  3:15  Overlord  
  34  3:16  Drone x5  
  39  3:20  Zergling x4  
  39  3:24  Overlord  
  41  3:29  Drone x2  
  41  3:47  Overlord  
  41  3:48  Zergling x4  
  43  3:56  Queen x2  
  43  4:01  Overlord, Roach Warren, Lair  
  43  4:02  Zergling x2  
  47  4:09  Drone x2  
  49  4:13  Drone  
  49  4:16  Zergling x2, Extractor  
  48  4:17  Zergling x4  
  48  4:20  Zergling x4  
  52  4:24  Zergling x4  
  52  4:25  Zergling x2  
  55  4:32  Drone x2  
  55  4:34  Spore Crawler  
  55  4:36  Overlord, Drone  
  57  4:48  Roach x4  
  65  4:58  Drone, Roach  
  65  4:59  Overlord, Roach x2  
  72  5:14  Overlord  
  72  5:18  Roach x2  
  74  5:26  Roach x2  
  74  5:27  Overlord, Roach x2  
  80  5:28  Roach  
  80  5:33  Queen  
  82  5:40  Drone x2  
  82  5:41  Drone x2, Glial Reconstitution  
  86  5:43  Drone  
  86  5:45  Drone  
  86  5:48  Drone  
  87  6:01  Overlord  
  87  6:02  Drone x2  
  87  6:13  Overlord  
  87  6:17  Evolution Chamber  
  86  6:19  Evolution Chamber  
  86  6:24  Drone  
  86  6:25  Drone, Roach  
  88  6:26  Drone x6  
  88  6:28  Extractor  
  88  6:32  Overlord  
  94  6:33  Drone  
  95  6:40  Drone  
  95  6:41  Drone x4  
  100  6:48  Zerg Missile Weapons Level 1  
  100  6:50  Zerg Ground Armor Level 1  
  100  6:51  Overlord, Drone  
  101  6:57  Overlord  
  90  7:06  Overlord  
  79  7:13  Overlord  
  79  7:14  Drone  
  79  7:15  Drone x7  
  69  7:20  Roach x3  
  67  7:25  Roach x2  
  67  7:26  Roach x2  
  73  7:32  Roach x3  
  79  7:39  Roach  
  79  7:41  Roach  
  79  7:42  Roach  
  85  7:45  Extractor  
  85  7:50  Roach x4  
  92  7:52  Overlord, Roach x3  
  92  7:53  Drone x2  
  92  7:58  Roach  
  102  8:03  Roach  
  102  8:04  Roach  
  105  8:09  Roach  
  108  8:12  Drone  
  108  8:15  Drone  
  109  8:24  Hatchery, Drone x6  
  114  8:27  Infestation Pit  
  114  8:29  Extractor  
  114  8:30  Extractor  
  105  8:34  Overlord  
  105  8:38  Overlord  
  96  8:42  Drone x2  
  96  8:43  Zerg Missile Weapons Level 2  
  96  8:45  Overlord, Drone x2  
  98  8:49  Drone  
  98  8:55  Drone, Hydralisk Den  
  94  8:56  Drone x2  
  94  8:58  Drone x2  
  94  9:00  Drone  
  94  9:02  Drone  
  97  9:05  Drone x2  
  97  9:11  Drone  
  97  9:12  Drone  
  99  9:20  Roach x2  
  99  9:21  Roach  
  99  9:22  Roach x2  
  99  9:23  Roach  
  111  9:25  Roach  
  111  9:28  Roach  
  115  9:31  Roach  
  115  9:34  Roach x2  
  115  9:37  Grooved Spines  
  121  9:41  Hive  
  121  9:47  Drone x3  
  121  9:48  Drone  
  121  9:49  Drone  
  126  9:53  Drone x3  
  126  9:56  Drone  
  126  9:57  Drone x3  
  126  9:59  Drone  
  134  10:07  Drone x2  
  134  10:08  Drone  
  137  10:15  Hydralisk x5  
  121  10:36  Hydralisk x5  
  121  10:38  Hatchery, Hydralisk x2  
  121  10:42  Hydralisk  
  123  10:54  Hydralisk x2  
  127  10:58  Hatchery  
  127  11:02  Viper x2  
  132  11:15  Roach x7  
  142  11:23  Roach  
  142  11:24  Roach  
  142  11:27  Roach x2  
  142  11:28  Roach  
Show
View Real Time Build Order
Export as new Build Order

SpeCial Terran - Winner!

Build Orders: Gas First Reaper Expand, Hellion Opening, Reaper Expand, Mech 

Get SALT Encoding   

  12  0:00  SCV  
  13  0:12  SCV  
  14  0:17  Supply Depot  
  14  0:25  SCV  
  14  0:27  Refinery  
  15  0:39  SCV  
  16  0:44  Barracks  
  16  0:51  SCV  
  17  1:03  SCV  
  18  1:15  SCV  
  19  1:32  Reaper, Orbital Command  
  20  1:41  Command Center  
  20  1:51  Factory  
  20  1:58  SCV  
  21  2:05  Barracks Reactor  
  21  2:10  SCV  
  21  2:15  Supply Depot  
  22  2:19  Refinery  
  22  2:23  SCV  
  22  2:29  Ghost Academy  
  23  2:36  SCV  
  24  2:46  Hellion  
  24  2:47  Hellion  
  24  2:48  SCV  
  24  2:50  Barracks Tech Lab  
  29  2:55  Orbital Command  
  29  3:01  SCV  
  30  3:08  Hellion x2  
  34  3:13  Ghost  
  34  3:18  SCV  
  37  3:21  SCV  
  37  3:25  Supply Depot  
  38  3:32  Hellion  
  40  3:36  Hellion  
  40  3:40  SCV x2  
  44  3:43  Ghost  
  46  3:52  SCV x2, Supply Depot  
  48  4:04  SCV x2, Cyclone  
  53  4:14  Cyclone  
  55  4:21  SCV x2  
  57  4:25  Command Center  
  57  4:33  SCV x2, Supply Depot  
  59  4:43  Supply Depot  
  59  4:47  Hellion  
  61  4:53  SCV  
  61  4:54  SCV, Ghost  
  61  4:55  Hellion  
  67  5:05  SCV  
  67  5:06  SCV  
  69  5:08  Refinery  
  69  5:09  Refinery  
  69  5:10  Factory  
  71  5:17  SCV  
  71  5:18  SCV  
  73  5:31  SCV x2  
  71  5:37  Orbital Command  
  71  5:40  Siege Tank  
  71  5:42  Barracks Tech Lab  
  74  5:43  SCV x2, Factory  
  74  5:49  Armory  
  76  5:55  SCV x2  
  76  5:56  Orbital Command  
  76  6:07  SCV  
  77  6:12  Siege Tank x2  
  77  6:15  SCV  
  84  6:23  Barracks Tech Lab  
  84  6:25  SCV x2  
  86  6:26  Supply Depot  
  86  6:31  Supply Depot x2  
  86  6:36  SCV  
  86  6:37  SCV, Terran Vehicle Weapons Level 1, Supply Depot  
  88  6:42  Orbital Command  
  88  6:43  Supply Depot  
  88  6:44  Hellion x2  
  92  6:48  SCV  
  92  6:50  Hellion x2, Ghost  
  99  6:56  SCV  
  99  7:01  SCV  
  89  7:08  SCV  
  72  7:16  Siege Tank x2, Hellion x2  
  79  7:23  SCV x2  
  79  7:24  SCV  
  79  7:26  Ghost  
  84  7:35  SCV  
  84  7:36  SCV x2  
  84  7:37  Bunker  
  87  7:38  Hellion x2  
  87  7:43  Refinery  
  91  7:47  Refinery  
  91  7:48  SCV x3, Siege Tank  
  91  7:49  Siege Tank, Supply Depot  
  100  7:56  Factory  
  100  7:58  Factory  
  100  8:00  SCV x3  
  100  8:01  Engineering Bay  
  102  8:06  Hellion x2  
  102  8:11  Supply Depot  
  102  8:12  SCV  
  107  8:17  Supply Depot  
  107  8:20  Armory  
  107  8:21  Siege Tank x2  
  107  8:22  SCV x2  
  107  8:24  SCV  
  107  8:25  Supply Depot  
  114  8:30  Infernal Pre-Igniter  
  114  8:34  SCV  
  107  8:44  Hellion x2  
  107  8:47  Factory Reactor  
  110  8:51  Barracks Tech Lab  
  110  8:52  Refinery  
  109  8:57  Missile Turret, Siege Tank x2, Command Center  
  109  8:58  Siege Tank  
  118  9:03  SCV x3  
  118  9:05  Hellion x2  
  125  9:11  Terran Vehicle Weapons Level 2, Supply Depot x2  
  125  9:18  Missile Turret  
  125  9:20  Terran Vehicle And Ship Armor Level 1  
  125  9:24  Supply Depot  
  125  9:25  Hellion x2  
  125  9:27  Hellion x2  
  125  9:29  Hellion x2  
  125  9:30  Hellion  
  139  9:37  Supply Depot x2  
  139  9:38  Ghost  
  141  9:47  Hellion x2  
  141  9:48  Hellion x2  
  141  9:50  Siege Tank x2  
  153  9:58  Starport  
  153  10:00  Supply Depot  
  153  10:06  Ghost  
  157  10:07  Siege Tank  
  157  10:08  Hellion x2  
  157  10:09  Hellion x2  
  156  10:22  Siege Tank  
  156  10:28  SCV x3  
  154  10:35  Ghost  
  146  10:42  SCV  
  146  10:43  SCV  
  146  10:46  Hellion x4  
  155  10:51  Starport Reactor  
  155  11:03  Barracks, Ghost  
  157  11:05  Barracks  
  157  11:06  Siege Tank x2  
  157  11:07  Siege Tank  
  157  11:08  Hellion x2  
  157  11:09  Refinery, Hellion  
  157  11:10  Refinery  
  164  11:14  Command Center  

Tags
 
Add a new tag
Caveats
  • Supply blocks, unpowered buildings, or Contaminate may cause inaccurate times.
  • Supply counts are checked every 10 seconds.